[Event "1st Sakatam Open 2024"]
[Site "Guwahati"]
[Date "2024.03.24"]
[Round "1.1"]
[White "Pragyan Puzari"]
[Black "Kaustuv, Kundu"]
[Result "0-1"]
[ECO "B22"]
[WhiteElo "1416"]
[BlackElo "2388"]
[Annotator "RC"]
[PlyCount "90"]
[EventDate "2024.03.24"]
[EventType "swiss"]
[EventCountry "IND"]
[SourceTitle "playchess.com"]
[Source "ChessBase"]
[SourceQuality "1"]
[TimeControl "5400+30"]

1. e4 c5 2. c3 d5 3. exd5 Qxd5 4. d4 Nc6 5. Nf3 Bg4 6. Be3 cxd4 7. cxd4 Bxf3 8. gxf3 e6 9. a3 Nf6 10. Nc3 Qd7 11. Qd2 Be7 12. O-O-O Nd5 13. Bg2 Rc8 14. Kb1 O-O 15. Rhg1 Nxc3+ 16. Qxc3 Bf6 17. Qd2 Rfd8 18. f4 Ne7 19. f5 Nxf5 20. Bg5 Bxg5 21. Qxg5 h6 22. Qg4 Rc4 23. Be4 Rxd4 24. Rxd4 Qxd4 25. Bxf5 exf5 26. Qxf5 Qd3+ 27. Qxd3 Rxd3 28. Kc2 Rf3 29. Rg2 f5 30. Kd2 Kf7 31. Rg3 Rxf2+ 32. Kc3 Rxh2 33. Rd3 Re2 34. Kb3 f4 35. Rf3 g5 36. Rc3 Kg6 37. Rc7 f3 38. Rxb7 f2 39. Rxa7 f1=Q 40. Ra6+ Kh5 41. a4 Re3+ 42. Ka2 Qxa6 43. b3 Qd3 44. Ka1 Qxb3 45. a5 Re1# 0-1

[Event "1st Sakatam Open 2024"]
[Site "Guwahati"]
[Date "2024.03.24"]
[Round "1.2"]
[White "Arpan Das"]
[Black "Rachit Kumar Sah"]
[Result "1-0"]
[ECO "B38"]
[WhiteElo "2374"]
[BlackElo "1416"]
[Annotator "RC"]
[PlyCount "41"]
[EventDate "2024.03.24"]
[EventType "swiss"]
[EventCountry "IND"]
[SourceTitle "playchess.com"]
[Source "ChessBase"]
[SourceQuality "1"]
[TimeControl "5400+30"]

1. e4 c5 2. Nf3 Nc6 3. d4 cxd4 4. Nxd4 g6 5. c4 Bg7 6. Be3 Nf6 7. Nc3 d6 8. Be2 O-O 9. O-O Be6 10. h3 a6 11. Rc1 Rc8 12. Qd2 Nd7 13. Nxe6 fxe6 14. Bg4 Kh8 15. Bxe6 Rf6 16. Bxd7 Qxd7 17. Nd5 Rff8 18. Nb6 Qe6 19. Nxc8 Rxc8 20. f3 Bxb2 21. Qxb2+ 1-0

[Event "1st Sakatam Open 2024"]
[Site "Guwahati"]
[Date "2024.03.24"]
[Round "1.3"]
[White "Faujia Fahima Rahman"]
[Black "Subhayan Kundu"]
[Result "0-1"]
[ECO "A80"]
[WhiteElo "1415"]
[BlackElo "2353"]
[Annotator "RC"]
[PlyCount "78"]
[EventDate "2024.03.24"]
[EventType "swiss"]
[EventCountry "IND"]
[SourceTitle "playchess.com"]
[Source "ChessBase"]
[SourceQuality "1"]
[TimeControl "5400+30"]

1. d4 f5 2. Nf3 Nf6 3. e3 g6 4. Bd3 Bg7 5. b3 O-O 6. Bb2 b6 7. O-O Bb7 8. Nbd2 e6 9. Re1 Ne4 10. c4 c5 11. Qc2 Ng5 12. Be2 Nc6 13. Nxg5 Qxg5 14. Nf3 Qe7 15. dxc5 bxc5 16. Bxg7 Qxg7 17. a3 f4 18. Bd3 fxe3 19. fxe3 Rxf3 20. gxf3 Ne5 21. Be2 Bxf3 22. Rf1 Bc6 23. Rac1 Qh6 24. Qc3 Qg5+ 25. Kf2 Rf8+ 26. Ke1 Rxf1+ 27. Bxf1 Nf3+ 28. Kd1 Be4 29. Bd3 Qxe3 30. Bxe4 Qxe4 31. Rc2 Nd4 32. Rf2 Qb1+ 33. Kd2 Nxb3+ 34. Ke3 Nd4 35. Qa5 Kg7 36. Qxc5 Qe1+ 37. Kd3 Qxf2 38. Qxd4+ Qxd4+ 39. Kxd4 d6 0-1

[Event "1st Sakatam Open 2024"]
[Site "Guwahati"]
[Date "2024.03.24"]
[Round "1.4"]
[White "Mishra, Neeraj-Kumar"]
[Black "Ishant A Pratim Deka"]
[Result "1-0"]
[ECO "D02"]
[WhiteElo "2150"]
[BlackElo "1415"]
[Annotator "RC"]
[PlyCount "69"]
[EventDate "2024.03.24"]
[EventType "swiss"]
[EventCountry "IND"]
[SourceTitle "playchess.com"]
[Source "ChessBase"]
[SourceQuality "1"]
[TimeControl "5400+30"]

1. d4 Nf6 2. g3 d5 3. Bg2 Bf5 4. Nf3 e6 5. O-O Nbd7 6. b3 Bd6 7. Bb2 Nf8 8. Nbd2 c6 9. Ne5 Qc7 10. c4 Ng6 11. Nd3 Bxd3 12. exd3 h5 13. h4 Ng4 14. Nf3 Bxg3 15. fxg3 Ne3 16. Qe1 Nxf1 17. Bxf1 O-O-O 18. Bh3 Kb8 19. Kg2 Rhe8 20. Qe3 Ne7 21. Qe5 dxc4 22. dxc4 Nf5 23. Re1 f6 24. Qxc7+ Kxc7 25. Kf2 Kd6 26. Ba3+ Kd7 27. d5 cxd5 28. cxd5 Nh6 29. Bxe6+ Kc7 30. d6+ Kb6 31. d7 Ng4+ 32. Kf1 Rxe6 33. Rxe6+ Kc7 34. Re7 Nh6 35. Nd4 1-0

[Event "1st Sakatam Open 2024"]
[Site "Guwahati"]
[Date "2024.03.24"]
[Round "1.5"]
[White "Arnav Verma"]
[Black "Balkishan, A.."]
[Result "0-1"]
[ECO "D00"]
[WhiteElo "1414"]
[BlackElo "2108"]
[Annotator "RC"]
[PlyCount "66"]
[EventDate "2024.03.24"]
[EventType "swiss"]
[EventCountry "IND"]
[SourceTitle "playchess.com"]
[Source "ChessBase"]
[SourceQuality "1"]
[TimeControl "5400+30"]

1. d4 d5 2. Bf4 c5 3. dxc5 Nc6 4. Nf3 f6 5. Nc3 e5 6. Bg3 Be6 7. e4 d4 8. Nb5 Bxc5 9. Bd3 a6 10. Na3 Qa5+ 11. Nd2 Bxa3 12. bxa3 Qxa3 13. O-O Nge7 14. Nc4 Qc5 15. Nd2 O-O 16. a3 b5 17. Qe2 Rfc8 18. Rfc1 Na5 19. Qe1 Qd6 20. Nf3 Nc4 21. Nd2 Nxa3 22. Nb3 Rc3 23. Nd2 Rac8 24. Nb1 Nxb1 25. Rcxb1 Bc4 26. Bxc4+ R8xc4 27. Rc1 Rxc2 28. Rxc2 Rxc2 29. Rc1 Rxc1 30. Qxc1 Qc6 31. Qxc6 Nxc6 32. Kf1 a5 33. Ke1 a4 0-1

[Event "1st Sakatam Open 2024"]
[Site "Guwahati"]
[Date "2024.03.24"]
[Round "1.6"]
[White "Kumar, Gaurav"]
[Black "Nibhriti Goswami"]
[Result "1-0"]
[ECO "C62"]
[WhiteElo "2049"]
[BlackElo "1414"]
[Annotator "RC"]
[PlyCount "53"]
[EventDate "2024.03.24"]
[EventType "swiss"]
[EventCountry "IND"]
[SourceTitle "playchess.com"]
[Source "ChessBase"]
[SourceQuality "1"]
[TimeControl "5400+30"]

1. e4 e5 2. Nf3 Nc6 3. Bb5 Nf6 4. O-O d6 5. d4 exd4 6. Nxd4 Bd7 7. Bxc6 Bxc6 8. Nxc6 bxc6 9. Qf3 h6 10. e5 Nd5 11. exd6 Qxd6 12. Re1+ Be7 13. c4 Nb4 14. Bf4 Qf6 15. Qe4 O-O 16. a3 Qxb2 17. Be5 Qb3 18. axb4 Bxb4 19. Nc3 Rfe8 20. Qxc6 Rf8 21. Reb1 Qc2 22. Rxb4 f6 23. Bd4 Qd3 24. Qe4 Qxe4 25. Nxe4 Rfe8 26. Nc3 Rac8 27. Bxa7 1-0

[Event "1st Sakatam Open 2024"]
[Site "Guwahati"]
[Date "2024.03.24"]
[Round "1.8"]
[White "Singh, Y. Dhanabir"]
[Black "Chaarvi Shree Barman"]
[Result "1-0"]
[ECO "B77"]
[WhiteElo "1996"]
[BlackElo "1412"]
[Annotator "RC"]
[PlyCount "87"]
[EventDate "2024.03.24"]
[EventType "swiss"]
[EventCountry "IND"]
[SourceTitle "playchess.com"]
[Source "ChessBase"]
[SourceQuality "1"]
[TimeControl "5400+30"]

1. e4 c5 2. Nf3 d6 3. d4 cxd4 4. Nxd4 Nf6 5. Nc3 g6 6. Be3 Bg7 7. f3 O-O 8. Qd2 Nc6 9. Bc4 Nxd4 10. Bxd4 Be6 11. Bxe6 fxe6 12. O-O-O Qa5 13. Kb1 Rac8 14. Bxf6 Bxf6 15. Nd5 Qxd2 16. Nxf6+ Rxf6 17. Rxd2 Rf7 18. b3 Kg7 19. c4 Rc5 20. Re1 b5 21. cxb5 Rxb5 22. Rc1 Rf8 23. Rc7 Rf7 24. Rxa7 Rc5 25. Rc2 Rxc2 26. Kxc2 Kf6 27. b4 Rf8 28. b5 Rc8+ 29. Kd2 Rb8 30. a4 Rb6 31. Ra6 Rb7 32. b6 Rd7 33. Ra7 Rd8 34. b7 Rb8 35. a5 Kf7 36. a6 Ke8 37. Ra8 Rxa8 38. bxa8=Q+ Kd7 39. Qb8 Kc6 40. a7 Kc5 41. Kd3 Kc6 42. a8=Q+ Kc5 43. Qa5+ Kc6 44. Qab5# 1-0

[Event "1st Sakatam Open 2024"]
[Site "Guwahati"]
[Date "2024.03.24"]
[Round "2.1"]
[White "Kaustuv, Kundu"]
[Black "Antarip Baruah"]
[Result "1-0"]
[ECO "A07"]
[WhiteElo "2388"]
[BlackElo "1544"]
[Annotator "RC"]
[PlyCount "65"]
[EventDate "2024.03.24"]
[EventType "swiss"]
[EventCountry "IND"]
[SourceTitle "playchess.com"]
[Source "ChessBase"]
[SourceQuality "1"]
[TimeControl "5400+30"]

1. Nf3 d5 2. g3 Nf6 3. Bg2 Bf5 4. c4 e6 5. Qb3 Qc8 6. Nc3 c6 7. Nh4 Bg6 8. Nxg6 hxg6 9. d4 Bd6 10. Bd2 Nbd7 11. Rc1 dxc4 12. Qxc4 Nb6 13. Qb3 Qd7 14. O-O O-O 15. Rfd1 Nfd5 16. Ne4 Be7 17. Nc5 Qc8 18. e4 Nc7 19. Be3 Rd8 20. a4 Rb8 21. h4 Nd7 22. Nd3 Nf8 23. Ne5 Nd7 24. Nxd7 Qxd7 25. d5 c5 26. d6 Bxd6 27. e5 Qe7 28. exd6 Rxd6 29. Bxc5 Rxd1+ 30. Qxd1 Qf6 31. Bd6 Qxb2 32. Rxc7 a6 33. Rc2 1-0

[Event "1st Sakatam Open 2024"]
[Site "Guwahati"]
[Date "2024.03.24"]
[Round "2.2"]
[White "Subhradeep Roy"]
[Black "Arpan Das"]
[Result "0-1"]
[ECO "D31"]
[WhiteElo "1543"]
[BlackElo "2374"]
[Annotator "RC"]
[PlyCount "74"]
[EventDate "2024.03.24"]
[EventType "swiss"]
[EventCountry "IND"]
[SourceTitle "playchess.com"]
[Source "ChessBase"]
[SourceQuality "1"]
[TimeControl "5400+30"]

1. d4 d5 2. c4 e6 3. Nf3 a6 4. cxd5 exd5 5. Nc3 c6 6. Bg5 Be7 7. Bxe7 Nxe7 8. e3 Bf5 9. Bd3 O-O 10. O-O Nd7 11. Rc1 g6 12. Na4 Bxd3 13. Qxd3 Nf5 14. Nc5 Nd6 15. h3 Kg7 16. Qb3 Rb8 17. Nxd7 Qxd7 18. Ne5 Qe7 19. Qc2 Rfe8 20. b3 Rbd8 21. Rfe1 Qf6 22. Qe2 Re6 23. Rf1 Qe7 24. Nd3 Re8 25. Qd1 Rf6 26. Rc2 Rf5 27. Ne5 Ne4 28. Nd3 h5 29. Nc5 Nd6 30. Nd3 Qe4 31. Nc5 Qh4 32. Kh2 Qf6 33. Qe2 Qe7 34. Kg1 Rg5 35. Qd1 Nf5 36. Nd3 Qe4 37. Nf4 Nh4 0-1

[Event "1st Sakatam Open 2024"]
[Site "Guwahati"]
[Date "2024.03.24"]
[Round "2.3"]
[White "Subhayan Kundu"]
[Black "Shyamal, Sarkar"]
[Result "1-0"]
[ECO "B33"]
[WhiteElo "2353"]
[BlackElo "1542"]
[Annotator "RC"]
[PlyCount "75"]
[EventDate "2024.03.24"]
[EventType "swiss"]
[EventCountry "IND"]
[SourceTitle "playchess.com"]
[Source "ChessBase"]
[SourceQuality "1"]
[TimeControl "5400+30"]

1. e4 c5 2. Nf3 Nc6 3. d4 cxd4 4. Nxd4 Nf6 5. Nc3 e5 6. Ndb5 d6 7. Nd5 Nxd5 8. exd5 Nb8 9. c4 a6 10. Nc3 f5 11. Be2 Nd7 12. O-O g6 13. Be3 Bg7 14. f3 O-O 15. Rc1 Nf6 16. b4 b6 17. Kh1 Bd7 18. Na4 Rb8 19. Nc3 h6 20. f4 e4 21. Qd2 h5 22. Bd4 Ng4 23. Bxg4 hxg4 24. c5 bxc5 25. bxc5 dxc5 26. Bxc5 Re8 27. Rfe1 Qf6 28. d6 Rec8 29. Nd5 Qh4 30. Ne7+ Kh7 31. Nxc8 Rxc8 32. Bf2 Qd8 33. Bd4 Bc6 34. Bxg7 Kxg7 35. Rc5 g3 36. Qc3+ Qf6 37. Qxf6+ Kxf6 38. Rec1 1-0

[Event "1st Sakatam Open 2024"]
[Site "Guwahati"]
[Date "2024.03.24"]
[Round "2.4"]
[White "Ashutosh Buragohain"]
[Black "Mishra, Neeraj-Kumar"]
[Result "0-1"]
[ECO "B50"]
[WhiteElo "1539"]
[BlackElo "2150"]
[Annotator "RC"]
[PlyCount "88"]
[EventDate "2024.03.24"]
[EventType "swiss"]
[EventCountry "IND"]
[SourceTitle "playchess.com"]
[Source "ChessBase"]
[SourceQuality "1"]
[TimeControl "5400+30"]

1. e4 c5 2. Nf3 e6 3. Nc3 a6 4. d3 Nc6 5. g3 d6 6. Bg2 Nf6 7. O-O Be7 8. Re1 Qc7 9. Bf4 Nd7 10. Bg5 Bxg5 11. Nxg5 h6 12. Nh3 O-O 13. f4 b5 14. f5 Nf6 15. fxe6 fxe6 16. Nf4 b4 17. Nb1 e5 18. Nd5 Nxd5 19. exd5 Ne7 20. c4 bxc3 21. Nxc3 Rb8 22. b3 Bf5 23. Rf1 Qd7 24. Qd2 Rb4 25. Be4 Rbb8 26. Bg2 Bh3 27. Qe2 Bg4 28. Qd2 Bh5 29. Be4 Qg4 30. Qg2 Qg5 31. Rae1 Rxf1+ 32. Qxf1 Qd2 33. Rc1 Qe3+ 34. Kg2 Rf8 35. Qe1 Bf3+ 36. Kh3 Qg5 37. Bxf3 Rxf3 38. Qd1 Qf5+ 39. Kg2 Rxd3 40. Qe2 Nxd5 41. Nxd5 Rxd5 42. Qxa6 Rd2+ 43. Kh1 Qf3+ 44. Kg1 Qg2# 0-1

[Event "1st Sakatam Open 2024"]
[Site "Guwahati"]
[Date "2024.03.24"]
[Round "2.5"]
[White "Balkishan, A.."]
[Black "Bhargab Debnath"]
[Result "1-0"]
[ECO "D33"]
[WhiteElo "2108"]
[BlackElo "1539"]
[Annotator "RC"]
[PlyCount "56"]
[EventDate "2024.03.24"]
[EventType "swiss"]
[EventCountry "IND"]
[SourceTitle "playchess.com"]
[Source "ChessBase"]
[SourceQuality "1"]
[TimeControl "5400+30"]

1. c4 Nf6 2. Nc3 c5 3. g3 e6 4. Nf3 Nc6 5. Bg2 d5 6. cxd5 exd5 7. d4 Be6 8. O-O Be7 9. b3 O-O 10. Bb2 h6 11. dxc5 Bxc5 12. Rc1 Bb6 13. Na4 Re8 14. Nxb6 axb6 15. a3 Ne4 16. Nd4 Nc5 17. b4 Na4 18. Ba1 Nxd4 19. Qxd4 f6 20. Rfd1 Qd7 21. e4 Bf7 22. exd5 Rad8 23. d6 Bg6 24. Qd5+ Kh8 25. Qxb7 Qxb7 26. Bxb7 Be4 27. Bxe4 Rxe4 28. d7 Kh7 1-0

[Event "1st Sakatam Open 2024"]
[Site "Guwahati"]
[Date "2024.03.24"]
[Round "2.6"]
[White "Syed Jahan Hussain"]
[Black "Kumar, Gaurav"]
[Result "0-1"]
[ECO "B33"]
[WhiteElo "1538"]
[BlackElo "2049"]
[Annotator "RC"]
[PlyCount "64"]
[EventDate "2024.03.24"]
[EventType "swiss"]
[EventCountry "IND"]
[SourceTitle "playchess.com"]
[Source "ChessBase"]
[SourceQuality "1"]
[TimeControl "5400+30"]

1. e4 c5 2. Nf3 Nc6 3. d4 cxd4 4. Nxd4 Nf6 5. f3 e5 6. Nb3 d6 7. c4 Nh5 8. Be3 Be7 9. Nc3 O-O 10. Qd2 Be6 11. Be2 Nf4 12. Bxf4 exf4 13. O-O-O Ne5 14. Nd5 Rc8 15. Kb1 Nxc4 16. Bxc4 Rxc4 17. Nxe7+ Qxe7 18. Qxd6 Qg5 19. g3 fxg3 20. hxg3 Rc6 21. Qd4 Bxb3 22. axb3 Ra6 23. Rh4 Qa5 24. Rd3 Rc8 25. Rc3 Rxc3 26. bxc3 Qa1+ 27. Kc2 Ra2+ 28. Kd3 Qf1+ 29. Ke3 Qc1+ 30. Kd3 Rd2+ 31. Kc4 Rxd4+ 32. Kxd4 Qg1+ 0-1

[Event "1st Sakatam Open 2024"]
[Site "Guwahati"]
[Date "2024.03.24"]
[Round "2.7"]
[White "Sinha, Subhash Chandra"]
[Black "Singh, Y. Dhanabir"]
[Result "0-1"]
[ECO "B76"]
[WhiteElo "2065"]
[BlackElo "1996"]
[Annotator "RC"]
[PlyCount "86"]
[EventDate "2024.03.24"]
[EventType "swiss"]
[EventCountry "IND"]
[SourceTitle "playchess.com"]
[Source "ChessBase"]
[SourceQuality "1"]
[TimeControl "5400+30"]

1. e4 c5 2. Nf3 d6 3. d4 cxd4 4. Nxd4 Nf6 5. Nc3 g6 6. Be3 Bg7 7. Qd2 O-O 8. f3 Nc6 9. O-O-O d5 10. Nxc6 bxc6 11. exd5 cxd5 12. Nxd5 Nxd5 13. Qxd5 Qc7 14. Qxa8 Bf5 15. Qxf8+ Kxf8 16. Bd3 Qe5 17. Kd2 Bxd3 18. Kxd3 Qxb2 19. Ke2 f5 20. Rd2 Qxa2 21. Rc1 Qc4+ 22. Kf2 a5 23. Rb1 f4 24. Ba7 Qc7 25. Bb6 Qc3 26. Rbd1 a4 27. Bd4 Bxd4+ 28. Rxd4 g5 29. h4 a3 30. hxg5 a2 31. Rxf4+ Kg7 32. Re4 Qxc2+ 33. Re2 Qxd1 34. Rxa2 Qd4+ 35. Kg3 Qe5+ 36. Kf2 Qc5+ 37. Kf1 Qxg5 38. Re2 h5 39. Re4 Kf6 40. Kf2 e5 41. g3 Qd2+ 42. Kf1 Qh2 43. g4 h4 0-1

[Event "1st Sakatam Open 2024"]
[Site "Guwahati"]
[Date "2024.03.24"]
[Round "2.8"]
[White "Arpan Das"]
[Black "Koustav Baruah"]
[Result "1-0"]
[ECO "B07"]
[WhiteElo "2374"]
[BlackElo "1533"]
[Annotator "RC"]
[PlyCount "79"]
[EventDate "2024.03.24"]
[EventType "swiss"]
[EventCountry "IND"]
[SourceTitle "playchess.com"]
[Source "ChessBase"]
[SourceQuality "1"]
[TimeControl "5400+30"]

1. d4 d6 2. e4 Nf6 3. Nc3 g6 4. Be3 Bg7 5. Qd2 Nc6 6. h3 a6 7. Nf3 O-O 8. Bd3 e5 9. d5 Nb4 10. Be2 a5 11. a3 Na6 12. b4 a4 13. O-O Bd7 14. Bg5 c6 15. dxc6 Bxc6 16. b5 Nc5 17. bxc6 bxc6 18. Rfd1 Qa5 19. Qe3 Rad8 20. Bc4 Rd7 21. Rd2 Rfd8 22. Rad1 Ne6 23. Bxf6 Bxf6 24. Bxe6 fxe6 25. Ne2 Kg7 26. Qc3 Qa8 27. Qe3 c5 28. Nh2 h6 29. g3 Qc6 30. Ng4 g5 31. f4 exf4 32. gxf4 gxf4 33. Nxf4 Bd4 34. Nxe6+ Kh8 35. Rxd4 Rg8 36. Qxh6+ Rh7 37. Qf6+ Rhg7 38. Rd5 Qe8 39. Nxg7 Rxg7 40. Rg5 1-0

[Event "1st Sakatam Open 2024"]
[Site "Guwahati"]
[Date "2024.03.24"]
[Round "3.1"]
[White "Ramesh Parmar"]
[Black "Kaustuv, Kundu"]
[Result "0-1"]
[ECO "B45"]
[WhiteElo "1690"]
[BlackElo "2388"]
[Annotator "RC"]
[PlyCount "52"]
[EventDate "2024.03.24"]
[EventType "swiss"]
[EventCountry "IND"]
[SourceTitle "playchess.com"]
[Source "ChessBase"]
[SourceQuality "1"]
[TimeControl "5400+30"]

1. e4 c5 2. Nf3 e6 3. d4 cxd4 4. Nxd4 Nc6 5. Be3 Nf6 6. Nc3 Bb4 7. f3 d5 8. Bb5 Bd7 9. Bxc6 bxc6 10. e5 Nh5 11. a3 Qh4+ 12. g3 Bxc3+ 13. bxc3 Qh3 14. Kd2 f6 15. exf6 Nxf6 16. Nb3 O-O 17. Nc5 e5 18. Qf1 Qh5 19. g4 Qe8 20. h3 Ne4+ 21. Nxe4 dxe4 22. Qc4+ Be6 23. Qxe4 Bd5 24. Qa4 Rxf3 25. Raf1 Rd8 26. Ke2 Qf7 0-1

[Event "1st Sakatam Open 2024"]
[Site "Guwahati"]
[Date "2024.03.24"]
[Round "3.2"]
[White "Arpan Das"]
[Black "Tarun N"]
[Result "1-0"]
[ECO "B81"]
[WhiteElo "2374"]
[BlackElo "1688"]
[Annotator "RC"]
[PlyCount "110"]
[EventDate "2024.03.24"]
[EventType "swiss"]
[EventCountry "IND"]
[SourceTitle "playchess.com"]
[Source "ChessBase"]
[SourceQuality "1"]
[TimeControl "5400+30"]

1. e4 c5 2. Nf3 d6 3. d4 cxd4 4. Nxd4 Nf6 5. Nc3 a6 6. h3 b5 7. g4 Bb7 8. Bg2 e6 9. a3 Qc7 10. O-O Be7 11. f4 Nc6 12. Nde2 O-O 13. g5 Nd7 14. Be3 Nb6 15. b3 Rac8 16. Kh1 Rfe8 17. Qe1 Nd7 18. Qg3 Bf8 19. h4 b4 20. Na2 bxa3 21. Qf2 a5 22. c4 Nb4 23. Nd4 Nc5 24. Nc3 a2 25. Rfd1 Qb8 26. Qe2 Qa8 27. Nxa2 Nxa2 28. Qxa2 Bxe4 29. Rg1 Rb8 30. Nb5 Bxg2+ 31. Rxg2 Qe4 32. Bxc5 dxc5 33. Qf2 Red8 34. Re1 Qc6 35. Qe3 Rd7 36. Kh2 Rbd8 37. Rg3 Bd6 38. h5 Bb8 39. Kh3 Rd1 40. Kg4 Qd7 41. Rxd1 Qxd1+ 42. Kh4 Qd2 43. Qxd2 Rxd2 44. Kg4 Kf8 45. Rf3 Ke7 46. Nc3 Kd7 47. Ne4 Rd4 48. Nxc5+ Kc6 49. Na4 e5 50. Kf5 Rxf4+ 51. Rxf4 exf4 52. Ke4 Bd6 53. Nb2 Bc7 54. Nd3 Bd6 55. Nxf4 Bxf4 1-0

[Event "1st Sakatam Open 2024"]
[Site "Guwahati"]
[Date "2024.03.24"]
[Round "3.3"]
[White "Abhirup Saikia"]
[Black "Subhayan Kundu"]
[Result "0-1"]
[ECO "C70"]
[WhiteElo "1684"]
[BlackElo "2353"]
[Annotator "RC"]
[PlyCount "96"]
[EventDate "2024.03.24"]
[EventType "swiss"]
[EventCountry "IND"]
[SourceTitle "playchess.com"]
[Source "ChessBase"]
[SourceQuality "1"]
[TimeControl "5400+30"]

1. e4 e5 2. Nf3 Nc6 3. Bb5 a6 4. Ba4 b5 5. Bb3 Na5 6. c3 Nxb3 7. Qxb3 Bb7 8. O-O d6 9. Re1 Nf6 10. d4 Nxe4 11. a4 b4 12. dxe5 dxe5 13. Nxe5 Qf6 14. Ng4 Qg6 15. f3 O-O-O 16. cxb4 Qb6+ 17. Be3 Qxb4 18. Qxb4 Bxb4 19. Rc1 Nd6 20. Bc5 Bxc5+ 21. Rxc5 h5 22. Ne5 f6 23. Ng6 Rh6 24. Nf4 g5 25. Ne6 Rd7 26. Na3 Re7 27. Nd4 g4 28. f4 Re4 29. Rd1 Rh7 30. f5 Rhe7 31. Ne6 Kb8 32. Nd4 Re1+ 33. Rxe1 Rxe1+ 34. Kf2 Re4 35. Ne2 Rxa4 36. Nc3 Rb4 37. Ke3 Rxb2 38. Ne2 Rb3+ 39. Rc3 Rxa3 40. Rxa3 Nc4+ 41. Kf4 Nxa3 42. Ng3 a5 43. Nxh5 a4 44. Nxf6 Nb5 45. Nd7+ Kc8 46. Nc5 a3 47. f6 Bd5 48. f7 Bxf7 0-1

[Event "1st Sakatam Open 2024"]
[Site "Guwahati"]
[Date "2024.03.24"]
[Round "3.4"]
[White "Mishra, Neeraj-Kumar"]
[Black "Ahanjit Banerjee"]
[Result "1-0"]
[ECO "D02"]
[WhiteElo "2150"]
[BlackElo "1683"]
[Annotator "RC"]
[PlyCount "49"]
[EventDate "2024.03.24"]
[EventType "swiss"]
[EventCountry "IND"]
[SourceTitle "playchess.com"]
[Source "ChessBase"]
[SourceQuality "1"]
[TimeControl "5400+30"]

1. d4 Nf6 2. g3 c5 3. Nf3 cxd4 4. Nxd4 e5 5. Nb3 d5 6. Bg2 h6 7. O-O Nc6 8. c3 Be6 9. Be3 Qd7 10. Re1 Be7 11. Nc5 Bxc5 12. Bxc5 O-O-O 13. Na3 Kb8 14. Nb5 b6 15. Bd6+ Kb7 16. c4 a6 17. Bc7 Ra8 18. Nc3 d4 19. Bxe5 dxc3 20. Qa4 Rac8 21. Rad1 Qe8 22. Rd6 Bd7 23. Bxf6 gxf6 24. Red1 Rc7 25. Rxd7 1-0

[Event "1st Sakatam Open 2024"]
[Site "Guwahati"]
[Date "2024.03.24"]
[Round "3.5"]
[White "Ananga Harsha Borthakur"]
[Black "Balkishan, A.."]
[Result "0-1"]
[ECO "B45"]
[WhiteElo "1683"]
[BlackElo "2108"]
[Annotator "RC"]
[PlyCount "86"]
[EventDate "2024.03.24"]
[EventType "swiss"]
[EventCountry "IND"]
[SourceTitle "playchess.com"]
[Source "ChessBase"]
[SourceQuality "1"]
[TimeControl "5400+30"]

1. e4 c5 2. Nf3 e6 3. d4 cxd4 4. Nxd4 Nc6 5. Nc3 Nf6 6. Ndb5 Bc5 7. Nd6+ Ke7 8. Bf4 e5 9. Nf5+ Kf8 10. Bg5 d6 11. Bxf6 Qxf6 12. Nd5 Qd8 13. Nfe3 g6 14. c3 a5 15. Bc4 Kg7 16. h4 h5 17. Qe2 Be6 18. O-O-O Rc8 19. a4 Ne7 20. Bb5 Bd4 21. Nxe7 Qxe7 22. Kb1 Bxe3 23. Qxe3 Rc5 24. g3 Rhc8 25. Rhe1 Bb3 26. Rd2 Qe6 27. Qe2 Ba2+ 28. Ka1 Bc4 29. Bxc4 Rxc4 30. Qd1 Qe8 31. Kb1 Rxa4 32. Rxd6 Rac4 33. Rd7 b5 34. Re3 b4 35. Rf3 bxc3 36. Rfxf7+ Qxf7 37. Rxf7+ Kxf7 38. Qd7+ Kg8 39. bxc3 R8c7 40. Qd5+ Kh7 41. Qxa5 Rxc3 42. Qxe5 Rc1+ 43. Kb2 R1c5 0-1

[Event "1st Sakatam Open 2024"]
[Site "Guwahati"]
[Date "2024.03.24"]
[Round "3.6"]
[White "Kumar, Gaurav"]
[Black "Krishnaav Hazarika"]
[Result "1-0"]
[ECO "A24"]
[WhiteElo "2049"]
[BlackElo "1676"]
[Annotator "RC"]
[PlyCount "47"]
[EventDate "2024.03.24"]
[EventType "swiss"]
[EventCountry "IND"]
[SourceTitle "playchess.com"]
[Source "ChessBase"]
[SourceQuality "1"]
[TimeControl "5400+30"]

1. Nf3 Nf6 2. g3 g6 3. Bg2 Bg7 4. c4 O-O 5. Nc3 d6 6. d3 c6 7. e4 e5 8. O-O Na6 9. Nh4 Be6 10. f4 exf4 11. Bxf4 d5 12. exd5 cxd5 13. d4 Rc8 14. c5 Qd7 15. Be5 Nh5 16. Bd6 Rfe8 17. Nxd5 Bxd5 18. Bxd5 Nf6 19. Bc4 Nc7 20. Qb3 Re4 21. Nf3 Ne6 22. Ne5 Qe8 23. Qxb7 Rxd4 24. Bb5 1-0

[Event "1st Sakatam Open 2024"]
[Site "Guwahati"]
[Date "2024.03.24"]
[Round "3.7"]
[White "Singh, Y. Dhanabir"]
[Black "Koshin Das"]
[Result "1-0"]
[ECO "B21"]
[WhiteElo "1996"]
[BlackElo "1672"]
[Annotator "RC"]
[PlyCount "111"]
[EventDate "2024.03.24"]
[EventType "swiss"]
[EventCountry "IND"]
[SourceTitle "playchess.com"]
[Source "ChessBase"]
[SourceQuality "1"]
[TimeControl "5400+30"]

1. e4 c5 2. f4 Nc6 3. Nf3 d6 4. Bb5 Bd7 5. O-O Nf6 6. d3 e6 7. Bxc6 Bxc6 8. c4 Be7 9. Nc3 O-O 10. b3 d5 11. cxd5 exd5 12. e5 Ng4 13. f5 Qc7 14. Qe2 d4 15. Nxd4 Qxe5 16. Qxe5 Nxe5 17. Nxc6 Nxc6 18. Ne4 Ne5 19. f6 Bxf6 20. Nxf6+ gxf6 21. Rxf6 Rfe8 22. Bb2 Nxd3 23. Bc3 Rad8 24. Raf1 Rd7 25. R6f5 Re6 26. Bf6 Kf8 27. h4 b5 28. h5 h6 29. Bc3 b4 30. Bf6 Re2 31. Ba1 Ne1 32. R1f2 Rxf2 33. Kxf2 Nc2 34. Bf6 Rd6 35. g4 Nd4 36. Bxd4 cxd4 37. Ke2 d3+ 38. Kd2 Rd4 39. g5 hxg5 40. Rxg5 f6 41. Ra5 Rd7 42. Rb5 Kg7 43. Rxb4 f5 44. Rh4 Kh6 45. Rh3 Rd4 46. a3 a5 47. Rxd3 Rxd3+ 48. Kxd3 Kxh5 49. b4 axb4 50. axb4 Kg4 51. b5 f4 52. b6 Kf3 53. b7 Kg2 54. b8=Q f3 55. Qb7 Kf2 56. Qb2+ 1-0

[Event "1st Sakatam Open 2024"]
[Site "Guwahati"]
[Date "2024.03.24"]
[Round "3.8"]
[White "Aaradhya Das"]
[Black "Arpan Das"]
[Result "0-1"]
[ECO "B23"]
[WhiteElo "1671"]
[BlackElo "2374"]
[Annotator "RC"]
[PlyCount "118"]
[EventDate "2024.03.24"]
[EventType "swiss"]
[EventCountry "IND"]
[SourceTitle "playchess.com"]
[Source "ChessBase"]
[SourceQuality "1"]
[TimeControl "5400+30"]

1. e4 c5 2. Nc3 Nc6 3. Bc4 Nf6 4. a3 e6 5. Ba2 d5 6. exd5 exd5 7. d3 d4 8. Nce2 Bd6 9. Nf3 Bg4 10. Bg5 h6 11. Bh4 Qe7 12. Bxf6 Qxf6 13. Bd5 O-O 14. O-O Bc7 15. Ng3 Rad8 16. Be4 Qd6 17. h3 Be6 18. Re1 Ne7 19. Ne5 Qxe5 20. Bh7+ Kxh7 21. Rxe5 Bxe5 22. Ne4 b6 23. Qh5 Rd5 24. Qe2 Ng6 25. g3 Bc7 26. f4 Bxh3 27. Qf3 Rfd8 28. Re1 Be6 29. Kf2 Kg8 30. Rh1 Kf8 31. Re1 Bc8 32. Rh1 f6 33. Rh5 f5 34. Nd2 b5 35. Rh1 Be6 36. Re1 Bf7 37. Qg2 h5 38. Nf3 h4 39. Ng5 hxg3+ 40. Qxg3 Bxf4 41. Ne6+ Bxe6 42. Qxg6 Be3+ 43. Ke2 Re5 44. Kd1 Bd5 45. Qg3 Rde8 46. Rf1 Kf7 47. Qh3 Kf6 48. Qh4+ Bg5 49. Qg3 Bf7 50. c4 dxc3 51. Kc2 Re2+ 52. Kxc3 Bd2+ 53. Kc2 Be1+ 54. Kb1 Bxg3 55. Rc1 Bb3 56. Ka1 Re1 57. Kb1 Rxc1+ 58. Kxc1 Bf4+ 59. Kb1 Re1# 0-1